 Dungeon Crawl Stone Soup version 0.32-a0-711-g016ad743e0 (webtiles) character file.

Game seed: 9628169688620006155

578 ezpacito the Chopper (level 7, -5/54 HPs)
             Began as a Coglin Chaos Knight on Mar 15, 2024.
             Was a Plaything of Xom.
             Slain by Blork the orc
             ... wielding a +0 scimitar
              (7 damage)
             ... on level 4 of the Dungeon on Mar 16, 2024.
             The game lasted 00:05:19 (2141 turns).

ezpacito the Chopper (Coglin Chaos Knight)          Turns: 2141, Time: 00:05:20

Health: -5/54      AC:  6    Str: 17    XL:     7   Next: 36%
Magic:  7/9        EV: 11    Int: 10    God:    Xom [..*...]
Gold:   126        SH:  0    Dex: 16    Spells: 8/8 levels left

rFire   . . .        a - +0 hand axe (chaos) {Zorawar}
rCold   . . .        f - +0 spear {Surjit}
rNeg    . . .        b - +2 leather armour
rPois   .            l - +0 helmet
rElec   .            (no cloak)
rCorr   .            (no gloves)
SInv    .            (no boots)
Will    .....        (amulet unavailable)
Stlth   ++           (ring unavailable)
HPRegen 0.29/turn    (ring unavailable)
MPRegen 0.11/turn    (no gizmo)

%: no passive effects
@: brilliant, on berserk cooldown, slowed, very slow
A: off-hand wielding, slow wielding, warmup strikes, no jewellery, agile 1,
sense surroundings 1, strong 1, wild magic 2, no potion heal 1
a: Invent Gizmo, Renounce Religion


You were on level 4 of the Dungeon.
You worshipped Xom.
You were a toy of Xom.
You visited 1 branch of the dungeon, and saw 4 of its levels.

You collected 126 gold pieces.

Inventory:

Hand Weapons
 a - a +0 hand axe of chaos (weapon) {Zorawar}
 f - a +0 spear (offhand) {Surjit}
 t - a +0 heavy war axe
Missiles
 c - 5 poisoned darts
 i - 6 javelins (quivered)
 m - a throwing net
 s - 7 boomerangs
Armour
 b - a +2 leather armour (worn)
 l - a +0 helmet (worn)
Talismans
 p - a flux talisman
 r - a beast talisman
 u - a dragon-blood talisman
Scrolls
 d - a scroll of revelation
 o - a scroll of enchant weapon {unknown}


   Skills:
 * Level 4.2 Fighting
 * Level 4.3(4.5) Axes
 + Level 1.5(3.0) Polearms
 * Level 3.3 Armour
 * Level 2.9 Dodging
 + Level 1.5 Stealth
 + Level 1.4 Spellcasting
 + Level 1.3 Shapeshifting


You had 8 spell levels left.
You didn't know any spells.
Your spell library contained the following spells:

 Spells                   Type           Power      Damage    Failure   Level
 Frozen Ramparts          Ice            2%         1d1       87%         3
 Ozocubu's Armour         Ice            1%         N/A       87%         3
 Metabolic Englaciation   Hex/Ice        0%         N/A       100%        5


Dungeon Overview and Level Annotations

Branches:
Dungeon (4/15)
 Temple: D:4-7

Altars:
Okawaru
Uskayaw
Vehumet

Shops:
D:1 [

Annotations:
D:4 Blork the orc


Innate Abilities, Weirdness & Mutations

You can wield a second weapon in your off-hand.
It takes a long time for you to wield or remove held weapons.
Your first few attacks do less damage.
You cannot equip rings or amulets.
You are agile. (Dex +4, Str/Int -1)
You passively map a small area around you.
Your muscles are strong. (Str +4, Int/Dex -1)
Your spells are harder to cast, but more powerful.
Potions are less effective at restoring your health.


Message History

You hit Blork the orc with your +0 spear.
Blork the orc is heavily wounded.
You hit Blork the orc but do no damage.
Blork the orc hits you with a +0 scimitar!
Blork the orc casts a cantrip, but nothing happens.
You take 7 damage, and have 17/54 hp.
Your system partially rejects the healing.
You feel better.
Blork the orc screams, "I'll break your arms!"
Blork the orc casts a spell at you. The magic dart hits you.
* * * LOW HITPOINT WARNING * * *
Blork the orc hits you with a +0 scimitar.
* * * LOW HITPOINT WARNING * * *
You take 4 damage, and have 13/54 hp.
Okay, then.
Okay, then.
As you read the scroll labelled VAWIMO ACLUIHA, it dissolves into smoke.
It was a scroll of fog.
Blork the orc hits you with a +0 scimitar.
* * * LOW HITPOINT WARNING * * *
Blork the orc closely misses you.
You take 3 damage, and have 10/54 hp.
As you read the scroll labelled WAFEIS MOZA, it crumbles to dust.
It is a scroll of identify.
d - a scroll of revelation Blork the orc hits you with a +0 scimitar.
* * * LOW HITPOINT WARNING * * *
Blork the orc gestures at you while chanting.
The puff of flame hits you.
* * * LOW HITPOINT WARNING * * *
Blork the orc looks braver for a moment.
You take 8 damage, and have 2/54 hp.
Blork the orc hits you with a +0 scimitar.
* * * LOW HITPOINT WARNING * * *
You take 1 damage, and have 1/54 hp.
Blork the orc attacks as he pursues you!
Blork the orc hits you with a +0 scimitar!
You die...
Xom laughs nastily!

....# .##...#.>.#
, ...
..,#...#...#. ,
*..
.....#.#†#.#.#,#,
#$...#)#.#.#.#.#
,
##...#§#§#§#.#.#
#.###.#§§§#...# *
,* .#
..##§§§#...#,
#... #§§o#...#* *
* ,#....§#§#@# ,
#.#....#.#.#, ,
..###...#.#.#, ,
.. #.###.#... ..#
# ...* ,.. #...#
, .#.## * .#.# *
, ,


You could see Blork the orc (fast, poisoned).

Vanquished Creatures
  Pikel (D:4)
  A lemure (D:4)
  A scorpion (D:4)
  A ribbon worm (D:2)
  2 dart slugs (D:2)
  8 orcs
  4 ball pythons
  7 bats
  3 endoplasms
  8 goblins
  2 hobgoblins
  3 jackals (D:1)
  3 quokkas
  2 frilled lizards
  7 kobolds
  8 rats
61 creatures vanquished.

Notes
Turn   | Place    | Note
-------+----------+-------------------------------------------
     0 | D:1      | ezpacito the Coglin Chaos Knight began the quest for the
                  | Orb.
     0 | D:1      | Reached XP level 1. HP: 18/18 MP: 1/1
    70 | D:1      | Reached skill level 1 in Dodging
    99 | D:1      | Reached XP level 2. HP: 22/24 MP: 2/2
   213 | D:1      | Found a faded altar of an unknown god.
   231 | D:1      | XOM: potion effect (might)
   378 | D:1      | Reached XP level 3. HP: 29/29 MP: 3/3
   379 | D:1      | Found Xigi Hei's Armour Shoppe.
   564 | D:2      | XOM: silly message
   880 | D:2      | XOM: silly message
  1210 | D:3      | XOM: 2-stop teleportation journey
  1235 | D:3      | Gained mutation: Your spells are a little harder to cast,
                  | but a little more powerful. [potion of mutation]
  1235 | D:3      | Gained mutation: You passively map a small area around you.
                  | [potion of mutation]
  1235 | D:3      | Gained mutation: Your spells are harder to cast, but more
                  | powerful. [potion of mutation]
  1235 | D:3      | Gained mutation: You expend magic power (3 MP) to
                  | strengthen your wands. [potion of mutation]
  1236 | D:3      | XOM: silly message
  1241 | D:3      | XOM: smoke on damage
  1242 | D:3      | Reached XP level 4. HP: 13/35 MP: 4/4
  1317 | D:3      | XOM: silly message
  1373 | D:3      | XOM: 2-stop teleportation journey
  1391 | D:3      | XOM: give mutation
  1391 | D:3      | Gained mutation: Potions are less effective at restoring
                  | your health. [Xom's mischief]
  1456 | D:3      | XOM: 1-stop teleportation journey
  1632 | D:3      | Found a hide-covered altar of Uskayaw.
  1689 | D:3      | XOM: silly message
  1771 | D:3      | XOM: enchant monster (bad)
  1795 | D:3      | XOM: noise
  1859 | D:3      | XOM: give mutations
  1859 | D:3      | Lost mutation: You expend magic power (3 MP) to strengthen
                  | your wands. [Xom's mischief]
  1859 | D:3      | Gained mutation: You are agile. (Dex +4, Str/Int -1) [Xom's
                  | mischief]
  1859 | D:3      | Gained mutation: Your muscles are strong. (Str +4, Int/Dex
                  | -1) [Xom's mischief]
  1870 | D:3      | Found an iron altar of Okawaru.
  1879 | D:3      | Found a radiant altar of Vehumet.
  2084 | D:4      | Noticed a lemure
  2085 | D:4      | Noticed a lemure
  2086 | D:4      | Noticed Blork the orc
  2088 | D:4      | Noticed a lemure
  2089 | D:4      | Noticed Pikel
  2092 | D:4      | Killed a lemure
  2092 | D:4      | Noticed a lemure
  2093 | D:4      | Noticed a scorpion
  2113 | D:4      | XOM: smoke on damage
  2114 | D:4      | Killed Pikel
  2115 | D:4      | Reached skill level 1 in Polearms
  2115 | D:4      | Reached skill level 1 in Stealth
  2115 | D:4      | Reached skill level 1 in Spellcasting
  2115 | D:4      | Reached skill level 1 in Shapeshifting
  2115 | D:4      | Reached XP level 5. HP: 30/42 MP: 4/7
  2115 | D:4      | Reached XP level 6. HP: 34/48 MP: 4/8
  2115 | D:4      | Reached XP level 7. HP: 38/54 MP: 4/9
  2139 | D:4      | HP: 2/54 [Blork the orc/puff of flame (5)]
  2141 | D:4      | Slain by Blork the orc

Illustrated notes

Levels and vault maps discovered:
D:1:      shiori_arrival_oz, layout_rooms, serial_shops, shop,
          shapermc_ecumenical_altar_pompeii
D:2:      layout_rooms, minmay_unequal
D:3:      layout_basic, mainiacjoe_overflow_big_doors,
          eat_drink_and_be_merry_uskayaw
D:4:      nicolae_BIG_FREAKIN_CUBE, layout_loops_ring, uniq_pikel,
          uniq_blork_the_orc, uniq_ijyb

Skill      XL: |  1  2  3  4 |
---------------+-------------+-----
Dodging        | 1 2 |  2.9
Armour         | 2 3 |  3.3
Fighting       | 4 |  4.2
Axes           | 4 |  4.3
Polearms       | 1 |  1.5
Stealth        | 1 |  1.5
Spellcasting   | 1 |  1.4
Shapeshifting  | 1 |  1.3

Action                     |  1- 3 |  4- 6 |  7- 9 || total
---------------------------+-------+-------+-------++-------
  Melee: Hand axe          |    82 |    37 |     7 ||   126
         Dagger            |    69 |     8 |       ||    77
         Spear             |       |    28 |     7 ||    35
    Use: Potion            |     6 |     3 |     1 ||    10
         Scroll            |     1 |     2 |     2 ||     5
   Stab: Confused          |     1 |       |       ||     1
         Invisible         |     1 |       |       ||     1
 Armour: Leather armour    |    61 |    30 |    13 ||   104
  Dodge: Dodged            |    54 |    24 |     2 ||    80

Table legend: (Time is in decaauts)
 A = Elapsed time spent in this place.
 B = Non-inter-level travel time spent in this place.
 C = Inter-level travel time spent in this place.
 D = Time resting spent in this place.
 E = Time spent auto-exploring this place.
 F = Levels seen in this place.
 G = Mean time per level.
                   A        B        C        D        E       F      G
               +--------+--------+--------+--------+--------+-----+--------+
         Total |   2155 |   1987 |    168 |      4 |   1516 |   4 |  538.8 |
       Dungeon |   2155 |   1987 |    168 |      4 |   1516 |   4 |  538.8 |
               +--------+--------+--------+--------+--------+-----+--------+

Top non-repeatable levels by time:
     D:3: 880 daAuts
     D:2: 684 daAuts
     D:1: 477 daAuts
     D:4: 112 daAuts
